 Dungeon Crawl Stone Soup version 0.27.0-1-g7a089689b8 (webtiles) character file.

Game seed: 3852599009177714885

554132 wakim the Black Belt (level 26, -1/240 HPs)
             Began as an Octopode Transmuter on Aug 11, 2021.
             Was an Initiate of Gozag.
             Slain by a death cob (9 damage)
             ... on level 1 of the Realm of Zot.
             The game lasted 02:58:47 (69364 turns).

wakim the Black Belt (Octopode Transmuter)         Turns: 69364, Time: 02:58:48

Health: -1/240     AC: 31    Str: 25    XL:     26   Next: 41%
Magic:  0/42       EV: 20    Int: 27    God:    Gozag
Gold:   15733      SH: 11    Dex: 18    Spells: 17/55 levels left

rFire    + . .     SeeInvis +     - Unarmed
rCold    + . .     Faith    .   L - +3 buckler "Matuczuf" {Slay+5}
rNeg     + + +     Spirit   +   b - +2 hat
rPois    ∞         Reflect  .   Q - amulet "Soix" {Spirit Contam rF+ rN+ Will+}
rElec    +         Harm     .   s - ring "Ogecub" {rElec Will+ Str+3}
rCorr    +         Rampage  .   n - ring of the Median {Str+6 Slay+2 Stlth+}
Will     +++..                  z - ring of Fevept {rC+ rN+ Str+6 Slay+2}
Stlth    ++++......             a - ring of Nemelex Xobeh's Fury {Drain rPois rC- rCorr Slay+5}
HPRegen  0.50/turn              m - ring of see invisible
MPRegen  0.28/turn              h - ring of protection from cold
                                e - ring of wizardry
                                k - +6 ring of intelligence

@: statue-form, gold aura, slowed, constricted, very slow
A: slow and powerful, torment resistance 1, boosted hp, almost no armour,
amphibious, 8 rings, camouflage 1, (gelatinous body 1), (nimble swimmer 1),
tentacles, wild magic 1
}: 3/15 runes: decaying, serpentine, silver
a: End Transformation, Renounce Religion, Potion Petition, Call Merchant, Bribe
Branch


You were on level 1 of the Realm of Zot.
You worshipped Gozag.
Gozag was extremely pleased with you.
You were a living statue of rough stone.
You visited 9 branches of the dungeon, and saw 43 of its levels.
You also visited: Gauntlet, Volcano and Desolation.

You collected 26836 gold pieces.
You spent 1894 gold pieces at shops.
You paid 9209 gold pieces to Gozag.

Inventory:

Missiles
 p - 4 throwing nets (quivered) {=f!f}
Armour
 b - a +2 hat (worn)
 L - the +3 buckler "Matuczuf" (worn) {Slay+5}
   (You found it on level 5 of the Vaults)

   Slay:      It affects your accuracy & damage with ranged weapons and melee
   (+5).
Jewellery
 a - the ring of Nemelex Xobeh's Fury (on tentacle) {Drain rPois rC- rCorr Slay+5}
   (You acquired it on level 4 of the Dungeon)

   [ring of resist corrosion]

   Slay:      It affects your accuracy & damage with ranged weapons and melee
   (+5).
   rC:        It makes you vulnerable to cold.
   rPois:     It protects you from poison.
   rCorr:     It protects you from acid and corrosion.
   Drain:     It drains your maximum health when unequipped.
 c - a ring of protection from fire
 e - a ring of wizardry (on tentacle)
 f - a +6 ring of intelligence
 g - the amulet "Punyloud" {Spirit Harm rF+ Dex+4}
   (You found it on level 5 of the Vaults)

   [amulet of guardian spirit]

   It causes incoming damage to be divided between your reserves of health and
   magic.
   Dex:       It affects your dexterity (+4).
   rF:        It protects you from fire.
   Harm:      It increases damage dealt and taken.
 h - a ring of protection from cold (on tentacle)
 i - an amulet of regeneration
 j - an amulet of reflection
 k - a +6 ring of intelligence (on tentacle)
 l - a ring of flight
 m - a ring of see invisible (on tentacle)
 n - the ring of the Median (right tentacle) {Str+6 Slay+2 Stlth+}
   (You acquired it on level 3 of the Snake Pit)

   [ring of strength]

   Str:       It affects your strength (+6).
   Slay:      It affects your accuracy & damage with ranged weapons and melee
   (+2).
   Stlth:     It makes you more stealthy.
 q - a +4 ring of evasion
 s - the ring "Ogecub" (left tentacle) {rElec Will+ Str+3}
   (You found it in the Desolation of Salt)

   [ring of willpower]

   Str:       It affects your strength (+3).
   rElec:     It insulates you from electricity.
   Will:      It increases your willpower.
 z - the ring of Fevept (on tentacle) {rC+ rN+ Str+6 Slay+2}
   (You acquired it on level 9 of the Dungeon)

   [ring of protection from cold]

   Str:       It affects your strength (+6).
   Slay:      It affects your accuracy & damage with ranged weapons and melee
   (+2).
   rC:        It protects you from cold.
   rN:        It protects you from negative energy.
 I - a ring of fire
 Q - the amulet "Soix" (around mantle) {Spirit Contam rF+ rN+ Will+}
   (You found it on level 6 of the Lair of Beasts)

   [amulet of guardian spirit]

   It causes incoming damage to be divided between your reserves of health and
   magic.
   rF:        It protects you from fire.
   rN:        It protects you from negative energy.
   Contam:    It causes magical contamination when unequipped.
   Will:      It increases your willpower.
Wands
 d - a wand of iceblast (93)
 t - a wand of digging (22)
 u - a wand of mindburst (9)
 v - a wand of flame (88)
 w - a wand of acid (9)
 x - a wand of charming (35)
 y - a wand of paralysis (68)
Scrolls
 o - a scroll of enchant armour
 r - 23 scrolls of identify
 R - 6 scrolls of magic mapping {!r}
 T - 20 scrolls of teleportation
 U - 4 scrolls of fear
 X - 9 scrolls of fog
 Y - 10 scrolls of blinking {!r}
 Z - 2 scrolls of silence {!r}
Potions
 A - 3 potions of ambrosia
 B - 10 potions of attraction {!q}
 C - 2 potions of berserk rage {!q}
 D - 8 potions of brilliance
 E - 4 potions of cancellation
 F - 19 potions of curing
 G - 5 potions of flight
 H - 5 potions of haste
 J - 3 potions of heal wounds
 K - 8 potions of magic
 N - 6 potions of might
 O - 4 potions of resistance


   Skills:
 + Level 16.3 Fighting
 + Level 16.3 Dodging
 - Level 3.0 Stealth
 - Level 15.0 Shields
 - Level 20.0 Unarmed Combat
 + Level 15.3 Spellcasting
 - Level 12.0 Translocations
 + Level 15.4 Transmutations
 - Level 7.0 Ice Magic
 + Level 12.5 Air Magic
 - Level 8.0 Earth Magic
 - Level 2.0 Poison Magic
 - Level 12.0 Evocations


You had 17 spell levels left.
You knew the following spells:

 Your Spells              Type           Power      Damage    Failure   Level
a - Wereblood             Tmut           94%        N/A       1%          2
b - Frozen Ramparts       Ice            100%       1d12      1%          3
c - Ice Form              Ice/Tmut       81%        N/A       1%          4
d - Statue Form           Tmut/Erth      55%        N/A       2%          6
e - Manifold Assault      Tloc           84%        N/A       1%          5
f - Storm Form            Tmut/Air       45%        N/A       4%          7
g - Blink                 Tloc           N/A        N/A       1%          2
h - Dispersal             Tloc           42%        N/A       1%          6
x - Spider Form           Tmut/Pois      36%        N/A       1%          3

Your spell library contained the following spells:

 Spells                   Type           Power      Damage    Failure   Level
 Animate Skeleton         Necr           52%        N/A       1%          1
 Apportation              Tloc           100%       N/A       1%          1
 Beastly Appendage        Tmut           100%       N/A       1%          1
 Corona                   Hex            28%        N/A       1%          1
 Freeze                   Ice            100%       1d11      1%          1
 Magic Dart               Conj           100%       1d8       1%          1
 Sandblast                Erth           100%       2d20      1%          1
 Summon Small Mammal      Summ           100%       N/A       1%          1
 Ensorcelled Hibernation  Hex/Ice        100%       N/A       1%          2
 Passwall                 Tmut/Erth      69%        N/A       1%          2
 Static Discharge         Conj/Air       63%        N/A       1%          2
 Portal Projectile        Hex/Tloc       100%       N/A       1%          3
 Iskenderun's Mystic Bla  Conj/Tloc      62%        2d13      1%          4
 Summon Lightning Spire   Summ/Air       63%        N/A       1%          4
 Blade Hands              Tmut           47%        N/A       1%          5
 Lee's Rapid Deconstruct  Erth           35%        3d19*     1%          5
 Searing Ray              Conj           52%        3d5       2%          2
 Slow                     Hex            26%        N/A       2%          2
 Yara's Violent Unravell  Hex/Tmut       34%        3d14      2%          5
 Leda's Liquefaction      Hex/Erth       26%        N/A       3%          4
 Call Canine Familiar     Summ           26%        N/A       4%          3
 Confusing Touch          Hex            26%        N/A       4%          3
 Inner Flame              Hex/Fire       26%        N/A       4%          3
 Summon Guardian Golem    Hex/Summ       26%        N/A       4%          3
 Tukima's Dance           Hex            26%        N/A       4%          3
 Vampiric Draining        Necr           13%        2d7       4%          3
 Hailstorm                Conj/Ice       51%        3d11      4%          4
 Summon Ice Beast         Ice/Summ       51%        N/A       4%          4
 Summon Forest            Summ/Tloc      31%        N/A       4%          5
 Eringya's Noxious Bog    Tmut/Pois      36%        N/A       6%          6
 Borgnjor's Vile Clutch   Necr/Erth      26%        N/A       8%          5
 Bolt of Magma            Conj/Fire/Erth 22%        4d11      12%         5
 Cause Fear               Hex            13%        N/A       13%         4
 Dispel Undead            Necr           26%        3d13      13%         4
 Fulminant Prism          Conj/Hex       13%        3d9       13%         4
 Sticky Flame             Conj/Fire      26%        2d5       13%         4
 Excruciating Wounds      Necr           13%        N/A       32%         5
 Fireball                 Conj/Fire      13%        3d7       32%         5
 Summon Mana Viper        Hex/Summ       26%        N/A       32%         5
 Iron Shot                Conj/Erth      26%        9d6       34%         6
 Disjunction              Tloc           42%        N/A       47%         8
 Malign Gateway           Summ/Tloc      31%        N/A       61%         7
 Starburst                Conj/Fire      13%        8x6d5     85%         6
 Monstrous Menagerie      Summ           13%        N/A       100%        7
 Spellforged Servitor     Conj/Summ      13%        N/A       100%        7
 Summon Hydra             Summ           13%        N/A       100%        7
 Discord                  Hex            13%        N/A       100%        8
 Ignition                 Fire           13%        3d6       100%        8
 Lehudib's Crystal Spear  Conj/Erth      26%        10d7      100%        8
 Chain Lightning          Conj/Air       31%        3d42      100%        9
 Death's Door             Necr           13%        N/A       100%        9
 Dragon's Call            Summ           13%        N/A       100%        9
 Animate Armour           Summ/Erth      Unusable   N/A       N/A         4

Dungeon Overview and Level Annotations

Branches:
Dungeon (15/15)            Temple (1/1) D:4            Lair (6/6) D:10
  Swamp (4/4) Lair:3        Snake (4/4) Lair:4        Slime (0/5) Lair:6
    Orc (2/2) D:12            Elf (0/3) Orc:2        Vaults (5/5) D:13
  Crypt (0/3) Vaults:2     Depths (5/5) D:15            Zot (1/5) Depths:5
Volcano (visited)         Desolation (visited)      Gauntlet (visited)

Altars:
Ashenzari
Cheibriados
Dithmenos
Elyvilon
Fedhas
Gozag
Hepliaklqana
Kikubaaqudgha
Makhleb
Nemelex Xobeh
Okawaru
Qazlal
Ru
Sif Muna
Trog
Uskayaw
Vehumet
Wu Jian
Xom
Yredelemnul
Zin
The Shining One
Beogh
Jiyva
Lugonu

Shops:
D:2 *   D:9 *   Orc:1 !   Orc:2 *!:[   Vaults:2 *([   Vaults:3 (   Depths:1 [
Depths:5 :*=

Portals:
Hell: Depths:1 Depths:2 Depths:3 Depths:4 Depths:5
Abyss: Depths:1 Depths:3 Depths:4 Depths:5
Pandemonium: Depths:3 Depths:5
Ziggurat: Depths:1

Annotations:
Vaults:4 2 runed translucent doors, Skimidon's ghost, adept VSFi
Depths:2 2 transporters, Gucom's ghost, veteran GnFi
Depths:4 1 runed translucent door


Innate Abilities, Weirdness & Mutations

You are a living statue of rough stone.
Your actions are slow, but your melee attacks are powerful.
You are resistant to unholy torment.
Your maximum health is greatly increased.
You are immune to poison.
You cannot wear most types of armour.
You are amphibious.
You can wear up to eight rings at the same time.
Your skin changes colour to match your surroundings (Stealth+).
((Your rubbery body absorbs attacks. (AC +1, EV +1)))
((You are camouflaged near water. (Stealth+)))
You have tentacles for arms and can constrict up to eight enemies at once.
Your spells are a little harder to cast, but a little more powerful.


Message History

The red draconian looks frightened!
The green draconian looks frightened!
The purple draconian monk looks frightened!
The black draconian stormcaller easily resists.
The white draconian looks frightened!
The electric golem is unaffected.
The lindwurm is unaffected.
The komodo dragon is unaffected.
The swamp drake resists with some effort.
The rime drake looks frightened!
The death drake looks frightened! x2
The wind drake looks frightened!
The yellow draconian stormcaller is no longer distracted by gold.
The death cob is no longer distracted by gold.
You block the death cob's attack.
The death cob hits you but does no damage.
You block the death cob's attack. x2; The storm dragon completely misses you.
The storm dragon barely misses you. The storm dragon tramples you.
* * * LOW HITPOINT WARNING * * *
You are held in place!
The death cob barely misses you. The komodo dragon closely misses you.
The golden dragon rages.
You block the death cob's attack. The black draconian closely misses you.
The red draconian monk hits you!!
* * * LOW HITPOINT WARNING * * *
The red draconian monk kicks you.
* * * LOW HITPOINT WARNING * * *
The red draconian monk tail-slaps you!
* * * LOW HITPOINT WARNING * * *
The green draconian misses you. The storm dragon bites you!
* * * LOW HITPOINT WARNING * * *
The storm dragon claws you!
* * * LOW HITPOINT WARNING * * *
You block the storm dragon's attack.
The death cob hits you but does no damage.
The komodo dragon closely misses you.
The tentacled monstrosity tentacle-slaps you.
* * * LOW HITPOINT WARNING * * *
The tentacled monstrosity closely misses you.
The tentacled monstrosity misses you. The death cob hits you!
You die...
Your body crumbles into a pile of gold.

############
.##k.........##
...kk..........
...k..dD8Dy....
.....8XzXdD8...
...y.qD8ldqd...
.....Dqdzk⌠d...
#...8.DX8D..8..
#.....⌠l..>d...
##...y.>kyqyq..
#...8.8...8...
#.....$8......
#.............


You could see an electric golem, 3 tentacled monstrosities, 2 draconians, 5
golden dragons, 2 storm dragons, a black draconian (berserk), a yellow draconian
(berserk), 2 draconians, a purple draconian (berserk), a red draconian
(fleeing), a white draconian (fleeing), 2 death cobs, 3 draconians, 2 death
drakes, a ghost moth (invisible, fleeing), a wind drake (summoned, repels
missiles, fleeing), a lindwurm (summoned, berserk), 4 moths of wrath, 2 komodo
dragons, a rime drake (summoned, fleeing) and a swamp drake (summoned).

Vanquished Creatures
  Bai Suzhen (Swamp:3)
  Saint Roka (Orc:2)
  A caustic shrike (Depths:4)
  Jory (Depths:3)
  Nikola (Snake:4)
  8 golden dragons
  the Enchantress (Depths:3)
  2 hellephants (Depths:4)
  Jorgrun (Snake:1)
  A tentacled monstrosity (Depths:4)
  5 liches
  Asterion (Vaults:3)
  A quicksilver dragon (Depths:5)
  4 titans
  Agnes (Snake:4)
  6 sphinxes
  Frances (D:14)
  8 storm dragons
  A shadow dragon (Vaults:5)
  3 thorn hunters
  The ghost of Qymaymp the Geomancer, an adept GrEE of Vehumet (D:14)
  Kirke (Swamp:3)
  5 tengu reavers
  A fenstrider witch (Swamp:1)
  17 fire giants
  5 nagarajas
  4 orc warlords
  An imperial myrmidon (Desolation)
  13 vault wardens
  17 frost giants
  A cacodemon (Depths:5)
  A deep elf sorcerer (Vaults:5)
  2 iron dragons
  18 ironbound preservers
  Louise (D:14)
  5 spriggan defenders
  2 draconian annihilators (Depths:5)
  25 very ugly things
  A reaper (Depths:1)
  A war gargoyle (Vaults:2)
  12 stone giants
  2 green draconians (Depths:5)
  2 grey draconians (Depths:5)
  Nessos (Lair:5)
  2 black draconians (Depths:5)
  4 vampire knights
  The ghost of unihiutale the Protected, a journeyman HuWn of Yredelemnul (D:12)
  A minotaur (Gauntlet)
  Azrael (D:14)
  2 red draconians (Depths:5)
  5 bunyips
  A deep elf annihilator (Vaults:5)
  A halazid warlock (Desolation)
  A dire elephant (shapeshifter) (Vaults:3)
  5 spark wasps
  Snorg (D:13)
  6 dire elephants
  9 eleionomae
  A deep elf death mage (Vaults:5)
  A merfolk javelineer (Depths:2)
  17 ettins
  8 crystal guardians
  18 yaktaur captains
  10 fire dragons
  A shambling mangrove (Swamp:4)
  2 rakshasas (Depths:2)
  3 deep elf high priests
  7 great orbs of eyes
  5 ironbound thunderhulks
  6 ragged hierophants (Desolation)
  7 boulder beetles
  An ice dragon (shapeshifter) (Vaults:5)
  17 hydras
  A ghost crab (Swamp:4)
  11 ice dragons
  23 naga warriors
  An ogre mage (D:13)
  8 servants of whispers (Desolation)
  3 salamander tyrants (Snake:4)
  4 catoblepae (Lair:6)
  17 peacekeepers
  4 anacondas
  36 vault guards
  7 ironbound frosthearts
  A two-headed ogre (D:13)
  Erica (D:8)
  26 centaur warriors
  4 spriggan air magi
  2 death knights
  10 alligators
  7 tengu warriors
  10 hell hogs
  13 death yaks
  9 deep troll shamans
  7 ironbound beastmasters
  7 shock serpents
  7 deep troll earth magi
  An orc high priest (Orc:2)
  11 naga sharpshooters
  2 vampire magi (Depths:2)
  3 spriggan berserkers
  9 hell knights
  14 spriggans
  A soul eater (Depths:2)
  5 sun demons
  Sonja (Lair:2)
  11 salamander mystics
  9 iron trolls
  A death drake (shapeshifter) (Vaults:5)
  2 skeletal warriors (D:12)
  4 spriggan druids
  11 goliath frogs
  An infernal demonspawn (Depths:5)
  3 glowing orange brains
  A torturous demonspawn (Depths:5)
  2 flayed ghosts
  18 swamp dragons
  4 bog bodies
  13 wizards
  14 naga ritualists
  54 deep trolls
  5 phantasmal warriors
  Pikel (D:7)
  15 orc knights
  A spectral wolf spider (D:12)
  9 lindwurms
  20 ironbound convokers
  4 necromancers
  62 ugly things
  4 deep elf pyromancers
  4 will-o-the-wisps
  A faun (shapeshifter) (Vaults:4)
  2 shining eyes (shapeshifter) (Vaults:5)
  19 mana vipers
  5 manticores
  2 orc sorcerers
  A moth of wrath (Zot:1)
  20 salamanders
  48 black mambas
  6 cyclopes
  3 elephants (Lair:4)
  22 naga magi
  11 guardian serpents
  13 vault sentinels
  15 cane toads
  3 molten gargoyles (Desolation)
  An unseen horror (shapeshifter) (Depths:4)
  3 gargoyles
  6 smoke demons
  2 unseen horrors
  2 efreet
  2 kobold demonologists (D:12)
  3 rime drakes
  Psyche (D:8)
  A freezing wraith (D:15)
  4 tengu conjurers
  5 komodo dragons
  29 yaktaurs
  A queen bee (D:14)
  A red devil (Gauntlet)
  2 meliai (D:14)
  9 tyrant leeches
  17 hornets
  9 trolls
  A hornet (shapeshifter) (Vaults:5)
  2 bloated husks (Swamp:1)
  3 polar bears
  68 saltlings (Desolation)
  25 blink frogs
  A raiju (shapeshifter) (D:14)
  21 slime creatures
  A slime creature (shapeshifter) (Depths:4)
  A centaur simulacrum (D:14)
  2 redbacks (shapeshifter)
  A shadow (D:13)
  49 yaks
  4 wraiths
  6 wyverns
  2 vampires
  13 flying skulls
  13 water elementals
  2 fire elementals (D:14)
  A hog (Swamp:3)
  4 basilisks
  20 vampire mosquitoes
  A chaos spawn (Depths:5)
  A redback simulacrum (D:13)
  62 nagas
  4 steam dragons
  4 wargs
  13 swamp worms
  12 water moccasins
  An acid dragon (shapeshifter) (D:13)
  3 hell hounds (D:14)
  An acid dragon (D:13)
  A floating eye (Depths:4)
  5 small abominations (Gauntlet)
  2 ice beasts (D:5)
  2 sky beasts
  5 black bears
  44 orc warriors
  8 swamp drakes
  7 ogres
  2 necrophages
  16 centaurs
  6 boggarts
  10 wolves
  2 lemures (D:7)
  6 kobold brigands
  A gnoll sergeant (D:8)
  7 bullfrogs
  3 scorpions
  19 killer bees
  18 wights
  4 howler monkeys (D:10)
  2 crimson imps (Gauntlet)
  2 gnoll shamans
  14 orc priests
  2 centaur zombies
  A hound (D:5)
  3 iguanas
  2 jellies
  18 orc wizards
  Ijyb (D:3)
  A scorpion zombie (D:5)
  Natasha (twice) (D:2)
  Terence (D:3)
  2 howler monkey zombies (D:6)
  18 gnolls
  4 adders
  A river rat (D:5)
  2 white imps (D:8)
  An adder skeleton (D:5)
  2 worms
  3 dart slugs
  88 orcs
  7 ball pythons
  4 endoplasms
  3 giant cockroaches
  9 goblins
  8 hobgoblins
  11 jackals
  4 quokkas
  7 bats
  3 frilled lizards
  23 kobolds
  4 rats
  2 briar patches (Swamp:4)
1905 creatures vanquished.

Vanquished Creatures (collateral kills)
  A dread lich (Vaults:5)
  A lich (Vaults:5)
  2 storm dragons (Vaults:5)
  An iron dragon (Vaults:5)
  2 vault wardens (Vaults:5)
  An ironbound preserver (Vaults:5)
  An ettin (Vaults:5)
  A deep elf high priest (Vaults:5)
  2 yaktaur captains (Vaults:5)
  An anaconda (shapeshifter) (Vaults:5)
  A hell knight (Vaults:5)
  An iron troll (Vaults:5)
  A deep troll (Vaults:5)
  A phantasmal warrior (Vaults:5)
  An orc knight (Vaults:5)
  A faun (shapeshifter) (Vaults:5)
  A water nymph (shapeshifter) (Vaults:5)
  An orc warrior (Vaults:5)
  An ogre (Vaults:5)
22 creatures vanquished.

Vanquished Creatures (others)
  A storm dragon (Vaults:5)
  4 stone giants (Vaults:5)
  An ettin (shapeshifter) (Vaults:5)
  A deep elf high priest (Vaults:5)
  2 vault guards (Vaults:5)
  2 yaktaur captains (Vaults:5)
  An ogre mage (Vaults:5)
  4 two-headed ogres (Vaults:5)
  A deep troll earth mage (Vaults:5)
  2 hell knights (Vaults:5)
  3 deep trolls (Vaults:5)
  2 ironbound convokers (Vaults:5)
  A necromancer (Vaults:5)
  A yaktaur (Vaults:3)
  A hornet (Swamp:4)
  4 humans (Swamp:3)
  A naga (Snake:1)
  2 ogres (Vaults:5)
  3 orcs
  2 briar patches
  22 foxfires
  34 fungi
  37 plants
132 creatures vanquished.

Grand Total: 2059 creatures vanquished

Notes
Turn   | Place    | Note
-------+----------+-------------------------------------------
     0 | D:1      | wakim the Octopode Transmuter began the quest for the Orb.
     0 | D:1      | Reached XP level 1. HP: 13/13 MP: 3/3
   318 | D:1      | Reached XP level 2. HP: 18/18 MP: 3/5
   321 | D:1      | Reached skill level 1 in Stealth
   868 | D:2      | Found a faded altar of an unknown god.
   873 | D:2      | Reached XP level 3. HP: 20/23 MP: 4/6
   883 | D:1      | Learned a level 3 spell: Spider Form
  1498 | D:2      | Found Teidos Peune's General Store.
  1541 | D:2      | Bought a scroll of identify for 22 gold pieces
  1661 | D:2      | Reached skill level 1 in Poison Magic
  1738 | D:2      | Noticed Natasha
  1748 | D:2      | Killed Natasha
  1749 | D:2      | Reached XP level 4. HP: 27/28 MP: 3/7
  1762 | D:2      | Noticed Natasha
  1780 | D:2      | Killed Natasha
  2201 | D:3      | Noticed Terence
  2237 | D:3      | Killed Terence
  2238 | D:3      | Reached XP level 5. HP: 33/33 MP: 4/8
  2243 | D:3      | Learned a level 4 spell: Ice Form
  2669 | D:3      | Noticed Ijyb
  2937 | D:4      | Identified a scroll of acquirement
  2937 | D:4      | Acquired the ring of Nemelex Xobeh's Fury {Drain rPois rC-
                  | rCorr Slay+5}
  3294 | D:4      | Reached skill level 1 in Ice Magic
  3554 | D:4      | Reached XP level 6. HP: 38/38 MP: 9/9
  3675 | D:4      | Found a white marble altar of Elyvilon.
  3900 | D:4      | Noticed a necrophage
  3908 | D:4      | Killed a necrophage
  3909 | D:4      | Reached skill level 4 in Unarmed Combat
  4027 | D:4      | Found a staircase to the Ecumenical Temple.
  4051 | Temple   | Entered the Ecumenical Temple
  4150 | Temple   | Became a worshipper of Gozag Ym Sagoz the Greedy
  4272 | D:4      | Reached skill level 5 in Transmutations
  4508 | D:4      | Learned a level 2 spell: Wereblood
  4549 | D:5      | Entered Level 5 of the Dungeon
  4563 | D:5      | Reached XP level 7. HP: 43/43 MP: 10/10
  4842 | D:5      | Reached skill level 5 in Unarmed Combat
  5012 | D:5      | Reached XP level 8. HP: 39/48 MP: 11/11
  5263 | D:5      | Reached skill level 6 in Unarmed Combat
  5698 | D:5      | Reached skill level 7 in Unarmed Combat
  6048 | D:6      | Reached skill level 8 in Unarmed Combat
  6176 | D:6      | Reached XP level 9. HP: 53/53 MP: 12/12
  6763 | D:6      | Learned a level 3 spell: Frozen Ramparts
  7358 | D:7      | Noticed Pikel
  7513 | D:7      | Reached skill level 9 in Unarmed Combat
  7515 | D:7      | Reached skill level 5 in Ice Magic
  7535 | D:7      | Killed Pikel
  8114 | D:7      | Reached XP level 10. HP: 58/58 MP: 14/14
  8117 | D:7      | Reached skill level 10 in Unarmed Combat
  8720 | D:8      | Identified the +3 falchion of the Dragonfly {protect,
                  | *Corrode Int+6 Dex+4 Stlth+}
  8918 | D:8      | Noticed Psyche
  8974 | D:8      | Noticed Erica
  8987 | D:8      | Killed Erica
  8988 | D:8      | Reached skill level 11 in Unarmed Combat
  9426 | D:8      | Noticed a cyclops
 10107 | D:9      | Found Ronuduvi's General Store.
 10154 | D:9      | Reached skill level 1 in Evocations
 10536 | D:9      | Acquired the ring of Fevept {rC+ rN+ Str+6 Slay+2}
 10937 | D:10     | Entered Level 10 of the Dungeon
 11283 | D:10     | Reached XP level 11. HP: 66/66 MP: 6/15
 11824 | D:10     | Reached skill level 5 in Evocations
 12196 | D:10     | Found a staircase to the Lair.
 12238 | D:10     | Reached skill level 12 in Unarmed Combat
 12255 | Lair:1   | Entered Level 1 of the Lair of Beasts
 13331 | Lair:2   | Noticed a seven-headed hydra
 13339 | Lair:2   | Noticed a six-headed hydra
 13341 | Lair:2   | Killed a seven-headed hydra
 13351 | Lair:2   | Killed a six-headed hydra
 13559 | Lair:2   | Reached skill level 5 in Dodging
 13574 | Lair:2   | Reached XP level 12. HP: 76/76 MP: 9/16
 13663 | Lair:2   | Reached skill level 5 in Fighting
 14048 | Lair:2   | Noticed Sonja
 14064 | Lair:2   | Killed Sonja
 14200 | Lair:2   | Noticed a death yak
 14200 | Lair:2   | Noticed a death yak
 14201 | Lair:2   | Noticed a death yak
 14207 | Lair:2   | Killed a death yak
 14210 | Lair:2   | Killed a death yak
 14212 | Lair:2   | Killed a death yak
 14983 | D:3      | Killed Ijyb
 15599 | D:8      | Killed Psyche
 16031 | Lair:3   | Found a staircase to the Swamp.
 16147 | Lair:3   | Found a dark tunnel.
 16157 | Volcano  | Entered a volcano
 16651 | Volcano  | Noticed a sun demon
 16671 | Volcano  | Noticed a sun demon
 16672 | Volcano  | Noticed a sun demon
 16705 | Volcano  | Killed a sun demon
 16707 | Volcano  | Killed a sun demon
 16708 | Volcano  | Reached skill level 13 in Unarmed Combat
 16973 | Volcano  | Killed a sun demon
 17113 | Volcano  | Noticed a fire dragon
 17462 | Lair:3   | Reached XP level 13. HP: 85/85 MP: 8/17
 18233 | Lair:4   | Reached skill level 1 in Earth Magic
 18428 | Lair:4   | Found a staircase to the Snake Pit.
 19449 | Lair:5   | Noticed Nessos
 19872 | Lair:5   | Learned a level 6 spell: Statue Form
 20241 | Lair:5   | Reached skill level 10 in Transmutations
 20526 | Lair:5   | Killed Nessos
 21163 | Lair:6   | Entered Level 6 of the Lair of Beasts
 21629 | Lair:6   | Reached XP level 14. HP: 95/95 MP: 1/18
 21835 | Lair:6   | Reached skill level 5 in Earth Magic
 21843 | Lair:6   | Reached skill level 14 in Unarmed Combat
 22136 | Lair:6   | Identified the amulet "Soix" {Spirit Contam rF+ rN+ Will+}
 22916 | Lair:6   | Found a viscous altar of Jiyva.
 22917 | Lair:6   | Found a staircase to the Slime Pits.
 24875 | D:12     | Found a gate leading to a gauntlet.
 24881 | Gauntlet | Entered a Gauntlet
 24881 | Gauntlet | Found a transporter.
 24881 | Gauntlet | Found a transporter.
 24905 | Gauntlet | Found a transporter.
 24909 | Gauntlet | Found a transporter.
 24913 | Gauntlet | Found a transporter.
 24917 | Gauntlet | Found a transporter.
 24927 | Gauntlet | Found a transporter.
 24941 | Gauntlet | Noticed an entropy weaver
 24945 | Gauntlet | Found a transporter.
 24960 | Gauntlet | Found a transporter.
 24972 | Gauntlet | Found a transporter.
 24980 | Gauntlet | Found a transporter.
 24984 | Gauntlet | Found a transporter.
 25217 | Gauntlet | Reached skill level 1 in Shields
 25267 | Gauntlet | Got the Compendium of Floating Attacks
 25381 | Gauntlet | Found the +4 robe of Folly {Brilliance Will-∞ Int+8}
 25427 | Gauntlet | Identified the +1 robe "Dewiontu" {Str+5}
 25427 | Gauntlet | Identified the +4 quarterstaff of Ajuply Gaik {freeze,
                  | rPois rC- MP+9 Dex+3}
 25427 | Gauntlet | Identified the +6 flail "Cyg Dupna" {vorpal, Dex+9}
 25456 | D:12     | Identified the +9 trident of Helusalo {vorpal, rN+}
 25568 | D:12     | Noticed a vampire knight
 25587 | D:12     | Found a transporter.
 25592 | D:12     | Noticed unihiutale's ghost (journeyman HuWn)
 25624 | D:12     | Found a transporter.
 26110 | D:12     | Reached XP level 15. HP: 101/101 MP: 14/21
 26155 | D:12     | Found a staircase to the Orcish Mines.
 27198 | D:13     | Noticed Snorg
 27208 | D:13     | Killed Snorg
 27368 | D:13     | Reached skill level 5 in Spellcasting
 27931 | D:13     | Found a gate to the Vaults.
 27943 | D:13     | Reached skill level 15 in Unarmed Combat
 28141 | D:14     | Noticed Azrael
 28165 | D:14     | Noticed Frances
 28254 | D:14     | Killed Frances
 28490 | D:14     | Killed Azrael
 29102 | D:14     | Noticed Qymaymp's ghost (adept GrEE)
 29137 | D:14     | Found a transporter.
 29143 | D:14     | Found a transporter.
 29207 | D:14     | Noticed Louise
 29217 | D:14     | Killed Louise
 29373 | D:15     | Entered Level 15 of the Dungeon
 29474 | D:15     | Found a staircase to the Depths.
 29496 | D:15     | Reached XP level 16. HP: 92/108 MP: 11/24
 30908 | D:15     | Found a glowing golden altar of the Shining One.
 30908 | D:15     | Found a glowing silver altar of Zin.
 30908 | D:15     | Found a white marble altar of Elyvilon.
 30989 | Orc:1    | Entered Level 1 of the Orcish Mines
 31103 | Orc:2    | Entered Level 2 of the Orcish Mines
 31113 | Orc:2    | Noticed Saint Roka
 31140 | Orc:2    | Killed Saint Roka
 31621 | Orc:1    | Reached skill level 16 in Unarmed Combat
 32241 | Orc:2    | Found Viblev's Book Shoppe.
 32241 | Orc:2    | Found Xageic's Distillery.
 32241 | Orc:2    | Found Zocka's Assorted Antiques.
 32243 | Orc:2    | Found Ecsuk's Armour Emporium.
 32249 | Orc:2    | Bought an Inescapable Atlas for 442 gold pieces
 32255 | Orc:2    | Learned a level 5 spell: Manifold Assault
 32328 | Orc:2    | Found a staircase to the Elven Halls.
 32606 | Orc:1    | Bought a potion of haste for 110 gold pieces
 32606 | Orc:1    | Bought a potion of might for 44 gold pieces
 32606 | Orc:1    | Bought 2 potions of curing for 66 gold pieces
 32606 | Orc:1    | Bought a potion of magic for 88 gold pieces
 32839 | Snake:1  | Entered Level 1 of the Snake Pit
 33107 | Snake:1  | Noticed Jorgrun
 33124 | Snake:1  | Killed Jorgrun
 33125 | Snake:1  | Reached skill level 10 in Fighting
 33125 | Snake:1  | Reached skill level 10 in Dodging
 33125 | Snake:1  | Reached skill level 1 in Translocations
 34434 | Snake:1  | Reached XP level 17. HP: 75/115 MP: 11/29
 34943 | Snake:1  | Found the +7 great mace "Undeadhunter" {disrupt, rN+}
 35340 | Snake:1  | Learned a level 7 spell: Storm Form
 35405 | Snake:2  | Reached skill level 1 in Air Magic
 36051 | Snake:3  | Reached skill level 5 in Translocations
 36804 | Snake:3  | Acquired the ring of the Median {Str+6 Slay+2 Stlth+}
 37442 | Snake:4  | Entered Level 4 of the Snake Pit
 37442 | Snake:4  | Noticed Nikola
 37456 | Snake:4  | Killed Nikola
 37520 | Snake:4  | Identified the +7 flail "Peffu Buiff" {holy, Int+3}
 38261 | Snake:4  | Reached XP level 18. HP: 124/124 MP: 19/31
 39061 | Snake:4  | Noticed Agnes
 39071 | Snake:4  | Killed Agnes
 39762 | Snake:4  | Reached skill level 5 in Air Magic
 40976 | Snake:4  | Got a serpentine rune of Zot
 41356 | Depths:1 | Entered Level 1 of the Depths
 41381 | Depths:1 | Noticed a lich
 41382 | Depths:1 | Found a gateway to a ziggurat.
 41389 | Depths:1 | Killed a lich
 41495 | Depths:1 | Found an ornate altar of the Wu Jian Council.
 41532 | Depths:1 | Reached skill level 17 in Unarmed Combat
 41625 | Depths:1 | Found a one-way gate to the infinite horrors of the Abyss.
 41855 | Depths:1 | Reached XP level 19. HP: 130/130 MP: 20/32
 42013 | Depths:1 | Found Xathryfaa's Antique Armour Shop.
 42718 | Depths:1 | Found a gateway to Hell.
 42822 | Depths:1 | Reached skill level 10 in Spellcasting
 43192 | Depths:1 | Found an opulent altar of Gozag.
 43195 | Depths:1 | Found a shimmering blue altar of Sif Muna.
 43195 | Depths:1 | Found a shimmering altar of Xom.
 43211 | Depths:1 | Reached skill level 10 in Translocations
 43233 | Depths:1 | Found an ornate altar of the Wu Jian Council.
 43233 | Depths:1 | Found a hide-covered altar of Uskayaw.
 43233 | Depths:1 | Found a basalt altar of Yredelemnul.
 44771 | Depths:2 | Noticed Gucom's ghost (veteran GnFi)
 45401 | Swamp:1  | Entered Level 1 of the Swamp
 45413 | Swamp:1  | Reached XP level 20. HP: 137/137 MP: 16/34
 45579 | Swamp:1  | Identified the +14 plate armour of Perfidy {Will+}
 45992 | Swamp:1  | Reached skill level 15 in Transmutations
 47089 | Swamp:2  | Found a shadowy altar of Dithmenos.
 47477 | Swamp:3  | Noticed Kirke
 47489 | Swamp:3  | Killed Kirke
 47490 | Swamp:3  | Reached skill level 18 in Unarmed Combat
 47815 | Swamp:3  | Noticed Bai Suzhen
 47819 | Swamp:3  | Reached skill level 10 in Air Magic
 47822 | Swamp:3  | Killed Bai Suzhen
 48469 | Swamp:4  | Entered Level 4 of the Swamp
 48904 | Swamp:4  | Got a decaying rune of Zot
 49330 | Swamp:4  | Reached XP level 21. HP: 143/143 MP: 29/35
 50509 | Depths:2 | Noticed a golden dragon
 50513 | Depths:2 | Killed a golden dragon
 50586 | Depths:2 | Found a transporter.
 50589 | Depths:2 | Noticed a caustic shrike
 50606 | Depths:2 | Found a transporter.
 50887 | D:12     | Killed unihiutale's ghost
 51153 | D:14     | Killed Qymaymp's ghost
 51285 | D:14     | Learned a level 2 spell: Blink
 51383 | Depths:3 | Noticed Jory
 51393 | Depths:3 | Killed Jory
 51394 | Depths:3 | Reached skill level 5 in Shields
 51598 | Depths:3 | Learned a level 6 spell: Dispersal
 52027 | Depths:3 | Found a corrupted altar of Lugonu.
 52070 | Depths:3 | Noticed the Enchantress
 52085 | Depths:3 | Killed the Enchantress
 52853 | Depths:3 | Got The Intricacies of the Arcane Arts
 52879 | Depths:3 | Found a one-way gate leading to the halls of Pandemonium.
 53340 | Depths:4 | Reached XP level 22. HP: 153/153 MP: 31/36
 53522 | Depths:4 | Noticed a golden dragon
 53550 | Depths:4 | Killed a golden dragon
 53628 | Depths:4 | Found a broken altar of Ashenzari.
 53996 | Depths:4 | Noticed a golden dragon
 54006 | Depths:4 | Killed a golden dragon
 54145 | Depths:4 | Noticed a golden dragon
 54149 | Depths:4 | Found a runed translucent door.
 54217 | Depths:4 | Noticed a golden dragon
 54223 | Depths:4 | Killed a golden dragon
 54224 | Depths:4 | Reached skill level 10 in Evocations
 54271 | Depths:4 | Found a runed translucent door.
 54272 | Depths:4 | Found a runed translucent door.
 54274 | Depths:4 | Found a runed translucent door.
 54602 | Depths:4 | Killed a golden dragon
 54984 | Depths:4 | Noticed a golden dragon
 54989 | Depths:4 | Killed a golden dragon
 55021 | Depths:4 | Noticed a caustic shrike
 55028 | Depths:4 | Killed a caustic shrike
 55657 | Depths:5 | Entered Level 5 of the Depths
 55803 | Depths:5 | Got the Volume of the Escort
 55828 | Depths:5 | Reached XP level 23. HP: 153/161 MP: 30/38
 56062 | Depths:5 | Found Alaucwas's Jewellery Shoppe.
 56064 | Depths:5 | Found Xuxup's General Store.
 56066 | Depths:5 | Found Ucungavo's Book Shoppe.
 56072 | Depths:5 | Bought a scroll of fog for 22 gold pieces
 56540 | Depths:5 | Reached skill level 15 in Dodging
 56581 | Depths:5 | Noticed a golden dragon
 56584 | Depths:5 | Killed a golden dragon
 56585 | Depths:5 | Reached skill level 15 in Fighting
 57193 | Depths:5 | Found a gate to the Realm of Zot.
 57450 | Vaults:1 | Entered Level 1 of the Vaults
 57500 | Vaults:1 | Reached skill level 19 in Unarmed Combat
 57686 | Vaults:1 | Found a crumbling gateway.
 57705 | Desolati | Entered the Desolation of Salt
 58138 | Desolati | Identified the amulet "Ciusun" {rPois Regen+ Str+3}
 58168 | Desolati | Identified the amulet "Aquerphoept" {RegenMP rC+}
 58171 | Desolati | Got Asoextam's Disquisition on the Dusty Entourage
 58263 | Desolati | Found the +3 pair of seven-league boots {Rampage+∞}
 58275 | Desolati | Identified the ring "Ogecub" {rElec Will+ Str+3}
 58327 | Desolati | Identified the ring "Ytaysaod" {Str+6 Dex+2}
 58410 | Desolati | Reached XP level 24. HP: 170/170 MP: 32/39
 60939 | Vaults:2 | Reached skill level 10 in Shields
 61035 | Vaults:2 | Found Gozag's Antique Armour Emporium.
 61482 | Vaults:2 | Found an opulent altar of Gozag.
 61482 | Vaults:2 | Found Gozag's Assorted Antiques.
 61485 | Vaults:2 | Found Gozag's Antique Weapon Emporium.
 61489 | Vaults:2 | You fall into a shaft and drop 1 floor!
 62361 | Vaults:3 | Noticed Asterion
 62372 | Vaults:3 | Reached XP level 25. HP: 177/177 MP: 21/40
 62373 | Vaults:3 | Reached skill level 20 in Unarmed Combat
 62378 | Vaults:3 | Killed Asterion
 62824 | Vaults:3 | Found Muqelim's Antique Weapon Emporium.
 63235 | Vaults:2 | Found the +7 Spriggan's Knife {stab, EV+4 Stlth+}
 63422 | Vaults:2 | Bought a scroll of teleportation for 300 gold pieces
 63422 | Vaults:2 | Bought a scroll of identify for 200 gold pieces
 63422 | Vaults:2 | Bought 2 scrolls of teleportation for 600 gold pieces
 64199 | Vaults:2 | Found a staircase to the Crypt.
 65037 | Vaults:4 | Identified the +6 flail of Totiecye {pain, Int+5}
 65924 | Vaults:4 | Found a large runed translucent door.
 65924 | Vaults:4 | Found a large runed translucent door.
 65925 | Vaults:4 | Noticed Skimidon's ghost (adept VSFi)
 66529 | Vaults:5 | Entered Level 5 of the Vaults
 66538 | Vaults:5 | Reached skill level 15 in Spellcasting
 67026 | Vaults:5 | Gained mutation: Your spells are a little harder to cast,
                  | but a little more powerful. [a shining eye]
 67084 | Vaults:5 | Identified the amulet "Punyloud" {Spirit Harm rF+ Dex+4}
 67212 | Vaults:5 | Reached skill level 15 in Shields
 67212 | Vaults:5 | Reached XP level 26. HP: 171/183 MP: 36/42
 67750 | Vaults:5 | Noticed a dread lich
 67750 | Vaults:5 | Identified the +10 spear "Vism" {freeze, rF+ Str+3 Dex+3}
 67754 | Vaults:5 | Killed a dread lich
 68096 | Vaults:5 | Got Pyschyula's Guide on Fiery Black Arts
 68552 | Vaults:5 | Got a silver rune of Zot
 68640 | Vaults:5 | Identified the +3 shortbow of Obsession {vorpal, rElec
                  | rCorr Dex-5 Stlth-}
 68842 | Vaults:5 | Identified the +3 buckler "Matuczuf" {Slay+5}
 69358 | Zot:1    | Entered Level 1 of the Realm of Zot
 69364 | Zot:1    | HP: 8/240 [tentacled monstrosity (6)]
 69364 | Zot:1    | Slain by a death cob

Illustrated notes

Levels and vault maps discovered:
D:1:      sevenhm_arrival_forest_fort_small_6, layout_rooms,
          chequers_serial_rivers_micro_c
D:2:      layout_loops_cross, hellmonk_ecumenical_altar_run_dry, serial_shops,
          shop_coins, due_unseen_surprise, uniq_natasha
D:3:      layout_loops_ring, uniq_ijyb, uniq_terence
D:4:      layout_loops_ring, elyvilon_altar_3, minmay_temple_entry_poolview
D:5:      layout_rooms, gup_sewer_entry_bubbles
D:6:      layout_cave_pods, kennysheep_generic_room_10
D:7:      layout_rooms, corexii_checkpoint_a, uniq_pikel
D:8:      layout_rooms, kennysheep_generic_room_3, uniq_erica, uniq_psyche
D:9:      layout_basic, serial_shops, nicolae_shop_statue_plus
D:10:     layout_loops_ring, grunt_lair_entry_orc_guard_hut, st_stairs_10,
          palyth_stone_intersect, kennysheep_windowed_goal
D:11:     layout_stronghold, serial_glass, glass_columns_a, glass_columns_a,
          chequers_serial_rivers_small_b, evilmike_butchery
D:12:     layout_gridville, david_orc_5, gammafunk_ghost_mausoleum,
          gauntlet_entry_generic
D:13:     minmay_bad_star, layout_stronghold, lightli_vaults_fourway_checkpoint,
          minmay_crystal_water, uniq_snorg
D:14:     layout_long_grid, gammafunk_ghost_hive, serial_bayou_shore_b,
          uniq_azrael, uniq_louise, uniq_frances
D:15:     hangedman_depths_entry_civil_slaughter, layout_stronghold,
          good_gods_mini_temple
Temple:   compressed_dpeg_circular_temple
Lair:1:   layout_gridlike, grunt_megastairs_2
Lair:2:   layout_roguey, uniq_sonja
Lair:3:   layout_chaotic_city, minmay_swamp_entry_worms, enter_volcano_2
Lair:4:   layout_misc_corridors, minmay_snake_entry_guardpost_medium,
          lemuel_fruit_fields
Lair:5:   layout_hall_layers, grunt_megastairs_5, uniq_nessos
Lair:6:   evilmike_catoblepas_cave, layout_cave_pods,
          dpeg_slime_entry_enclosed_altar, nzn_sisyphean_effort
Swamp:1:  nicolae_swamp_tree_isthmus, layout_basic_swamp,
          evilmike_swamp_ruin_house_6, swamp_pool5, nicolae_swamp_little_swirl
Swamp:2:  layout_falls_marsh, nicolae_swamp_godswood, infiniplex_staircase_pool
Swamp:3:  layout_basic_swamp, nicolae_swamp_ascending_descending_big,
          swamp_pool3, uniq_bai_suzhen, uniq_kirke
Swamp:4:  swamp_alternative, layout_basic_swamp
Snake:1:  layout_chambers, nicolae_snake_snakewalk, uniq_jorgrun
Snake:2:  layout_onion, special_room
Snake:3:  layout_grid_maze, nicolae_snake_shapes
Snake:4:  johnstein_snake_rune_scales, layout_grid_maze, st_stairs_4, drop_trap,
          uniq_nikola, uniq_agnes
Orc:1:    layout_diamond_mine
Orc:2:    st_orc_rangers, layout_diamond_mine, uniq_saint_roka
Vaults:1: ontoclasm_vaults_ring_large, ontoclasm_vaults_shuriken,
          vaults_room_door_hall, nicolae_vaults_circle_grid_b,
          nicolae_vaults_mini_display_case, ontoclasm_vaults_misaligned,
          vaults_dpeg_hooks, ontoclasm_vaults_idyll,
          ontoclasm_vaults_loading_screen, vaults_room_stairs_pillars,
          v_rooms_5, nicolae_vaults_network_barrier, v_misc_10,
          nicolae_vaults_little_squares_1, v_misc_9, layout_vaults_omnibox,
          portal_desolation_entry_twin_temple
Vaults:2: hangedman_vaults_restitches, nicolae_vaults_diagonal_hallway_6,
          hangedman_vaults_pinch, minmay_crypt_entry_simple_box,
          hangedman_vaults_nails, nicolae_vaults_three_branches,
          ontoclasm_vaults_gateway, v_rooms_4, v_misc_22,
          vaults_room_stairs_pillars, kennysheep_vaults_gozag_temple,
          nicolae_vaults_angled_halls, serial_ice_h, vaults_room_grid,
          hangedman_vaults_impose, v_misc_3, layout_vaults_omnicross
Vaults:3: vaults_mumra_hexcomb, nicolae_vaults_little_squares_6, v_rooms_1,
          ontoclasm_vaults_twist, hangedman_vaults_river_flow, v_misc_28,
          ontoclasm_vaults_ring_small, nicolae_vaults_little_squares_4,
          vaults_room_large_hall, hangedman_vaults_corner_blocks, v_misc_19,
          v_misc_8, v_misc_9, v_pattern_1, layout_vaults_maze, serial_shops,
          shop, uniq_asterion
Vaults:4: ebering_vaults_ghost_disaster_area, vaults_room_ringed_pool,
          vaults_room_boxed, nicolae_vaults_little_squares_2,
          ontoclasm_vaults_shout, vaults_dpeg_ring, v_misc_5,
          nicolae_vaults_rhombus_6, grunt_vaults_twisty, vaults_room_fours,
          layout_vaults_quadrants
Vaults:5: serial_shops
Depths:1: layout_gridlike, enter_ziggurat_d, doesnt_xom_only_xom, hellmouth_1,
          abyss_entry, serial_shops, nicolae_shop_waterfront,
          corexii_leaking_fountain, nicolae_wu_jian_wuxing_cycle,
          serial_bayou_shore_b, serial_bayou_shore_a
Depths:2: evilmike_diamond_1, layout_cave_pools, serial_bayou_ford_a,
          gammafunk_ghost_berserking_beasts, hangedman_tar_grid_catacomb,
          infiniplex_staircase_zigzag_3
Depths:3: grunt_twist_and_shout, layout_cave_pools, rand_demon_pan_entry_7,
          hangedman_decor_peaks_small, hell_entry, abyss_entry_flame_altar,
          infiniplex_staircase_star, uniq_jory, uniq_enchantress
Depths:4: minmay_the_grid_triangle_9x9_recursive_3
          [minmay_the_grid_triangle_9x9_dagger,
          minmay_the_grid_triangle_9x9_zippers_vertical,
          minmay_the_grid_triangle_9x9_skeleton,
          minmay_the_grid_triangle_9x9_prize_insulated,
          minmay_the_grid_triangle_9x9_pentomino_pain,
          minmay_the_grid_triangle_9x9_odd_lines,
          minmay_the_grid_triangle_9x9_fully_insulated_deathbox,
          minmay_the_grid_triangle_9x9_swiss_cheese,
          minmay_the_grid_triangle_9x9_subtriangle], layout_gridville,
          abyss_entry_small_statue_room, abandoned_shop, grunt_hell_horde,
          nicolae_ashenzari_skybound, infiniplex_staircase_door_maze
Depths:5: evilmike_zot_entry_gauntlet, layout_cave_shapes, hell_entry,
          hangedman_abyss_entry_splay, rand_demon_pan_entry_4, minmay_shop_star
Zot:1:    layout_misc_corridors, evilmike_ambush [evilmike_ambush_outer_basic,
          evilmike_ambush_inner_pond]

Skill      XL: |  1  2  3  4  5  6  7  8  9 10 11 12 13 14 15 16 17 18 19 20 21 22 23 24 25 |
---------------+----------------------------------------------------------------------------+-----
Stealth        | 1 2 3 |  3.0
Transmutations | 3 4 5 6 7 9 10 11 13 14 15 | 15.4
Poison Magic   | 1 2 |  2.0
Ice Magic      | 1 2 3 6 7 |  7.0
Unarmed Combat | 4 5 8 9 11 12 13 14 15 16 17 18 19 20 | 20.0
Spellcasting   | 3 4 5 8 9 10 11 12 13 15 | 15.3
Evocations     | 3 7 8 9 10 11 12 | 12.0
Fighting       | 2 4 6 8 9 10 11 12 13 14 15 16 | 16.3
Dodging        | 3 5 7 8 9 10 11 12 13 14 15 16 | 16.3
Earth Magic    | 4 7 8 |  8.0
Shields        | 3 4 6 7 8 11 15 | 15.0
Translocations | 3 7 9 11 12 | 12.0
Air Magic      | 3 5 7 12 | 12.5

Action                   |  1- 3 |  4- 6 |  7- 9 | 10-12 | 13-15 | 16-18 | 19-21 | 22-24 | 25-27 || total
-------------------------+-------+-------+-------+-------+-------+-------+-------+-------+-------++-------
Melee: Unarmed           |    73 |    86 |   168 |   226 |   469 |   634 |   663 |   680 |   340 ||  3339
       Constrict         |    11 |     6 |       |     1 |    45 |    76 |    69 |   100 |    44 ||   352
       Kick              |     6 |     1 |       |       |       |       |       |       |       ||     7
       Tentacles         |     7 |     2 |       |     2 |    61 |   108 |   112 |   131 |    83 ||   506
       Punch             |     1 |       |       |     2 |    30 |    74 |    96 |   151 |    68 ||   422
Throw: Dart              |    21 |       |       |       |     4 |     1 |       |       |       ||    26
 Cast: Beastly Appendage |    16 |     4 |       |       |       |       |       |       |       ||    20
       Spider Form       |     9 |     8 |     3 |    10 |     4 |       |       |       |       ||    34
       Ice Form          |       |    11 |    27 |    50 |    22 |     2 |       |       |       ||   112
       Wereblood         |       |       |     3 |    13 |    19 |    29 |    18 |    29 |    14 ||   125
       Frozen Ramparts   |       |       |     8 |    44 |    58 |    45 |    18 |     9 |       ||   182
       Statue Form       |       |       |       |       |    60 |    97 |    86 |    72 |    50 ||   365
       Manifold Assault  |       |       |       |       |       |    10 |    37 |     9 |     7 ||    63
       Storm Form        |       |       |       |       |       |       |     9 |    14 |     3 ||    26
Invok: Potion Petition   |       |       |       |     2 |     2 |     1 |     4 |       |     4 ||    13
       Call Merchant     |       |       |       |       |       |     1 |       |       |       ||     1
       Bribe Branch      |       |       |       |       |       |       |       |       |     1 ||     1
Evoke: Wand              |       |       |     5 |       |     1 |     1 |     4 |       |       ||    11
  Use: Scroll            |     1 |     6 |     3 |    10 |     9 |     1 |     1 |     2 |     2 ||    35
       Potion            |       |       |       |       |     1 |       |     2 |       |       ||     3
 Stab: Sleeping          |     5 |     3 |     7 |     1 |     3 |     8 |    14 |     7 |     3 ||    51
       Distracted        |       |       |     2 |     4 |     5 |     7 |    14 |    12 |     8 ||    52
       Confused          |       |       |       |       |       |       |     4 |       |       ||     4
Armor: Skin              |     5 |    15 |    39 |    44 |   159 |   295 |   241 |   217 |   151 ||  1166
Dodge: Dodged            |    42 |    54 |    66 |   154 |   424 |   890 |   544 |   534 |   350 ||  3058
Block: Buckler           |       |       |       |       |    72 |   252 |   162 |   187 |   160 ||   833
